 Dungeon Crawl Stone Soup version 0.25-a0-290-g4a1327ee3a (webtiles) character file.

Game seed: 15288975229134636732, levelgen mode: deterministic

128429 floatRand the Unseen (level 17, -20/129 HPs)
             Began as a Formicid Fighter on Dec 13, 2019.
             Was the Champion of Nemelex Xobeh.
             Killed by a card of wild magic (23 damage)
             ... on level 4 of the Shoals.
             The game lasted 00:58:41 (42109 turns).

floatRand the Unseen (Formicid Fighter)            Turns: 42109, Time: 00:58:42

Health: -20/129    AC:  9    Str: 23    XL:     17   Next: 58%
Magic:  28/28      EV: 19    Int: 11    God:    Nemelex Xobeh [******]
Gold:   506        SH: 28    Dex: 20    Spells: 16/16 levels left

rFire    . . .     SeeInvis +   A - +3 great sword (freeze)
rCold    . . .     Gourm    .   b - +0 large shield
rNeg     . . .     Faith    .   C - +3 scale mail {rPois}
rPois    +         Spirit   .   (helmet unavailable)
rElec    .         Reflect  +   E - +0 cloak
rCorr    +         Harm     .   O - +0 pair of gloves
MR       ++...                  (no boots)
Stlth    +++++.....             c - brooch of Shielding {Reflect SH+8}
HPRegen  0.31/turn              n - ring of resist corrosion
MPRegen  0.21/turn              H - ring "Ighitzi" {+Inv rPois MR+ Int+2 Dex+6}

@: no status effects
A: permanent stasis, dig shafts and tunnels, four strong arms, antennae 3,
deformed body
a: Dig, Shaft Self, Draw Escape, Draw Destruction, Draw Summoning, Triple Draw,
Deal Four, Stack Five, Renounce Religion, Evoke Invisibility


You were on level 4 of the Shoals.
You worshipped Nemelex Xobeh.
Nemelex Xobeh was exalted by your worship.
You were not hungry.

You visited 4 branches of the dungeon, and saw 27 of its levels.

You collected 3000 gold pieces.
You spent 2494 gold pieces at shops.

Inventory:

Hand Weapons
 x - a +5 falchion of flaming
 A - a +3 great sword of freezing (weapon)
 B - a +0 demon blade of venom
Missiles
 m - 7 throwing nets (quivered)
Armour
 a - the +1 ring mail "Xaefoevy" {+Fly rN++ Regen+ Str-3}
   (You found it on level 1 of the Lair of Beasts)

   It affects your strength (-3).
   It greatly protects you from negative energy.
   It lets you fly.
   It increases your rate of regeneration.
 b - a +0 large shield (worn)
 o - a +0 leather armour of cold resistance
 C - a +3 scale mail of poison resistance (worn)
 E - a +0 cloak (worn)
 O - a +0 pair of gloves (worn)
Jewellery
 c - the brooch of Shielding (around neck) {Reflect SH+8}
   (You bought it in a shop on level 1 of the Orcish Mines)

   [amulet of reflection]

   It shields you and reflects attacks.
   It affects your SH (+8).
 n - a ring of resist corrosion (left hand)
 s - an uncursed ring of protection from fire
 t - an uncursed amulet of the gourmand
 u - a +4 ring of dexterity
 y - an uncursed ring of flight
 H - the ring "Ighitzi" (right hand) {+Inv rPois MR+ Int+2 Dex+6}
   (You bought it in a shop on level 1 of the Orcish Mines)

   [ring of protection from magic]

   It affects your intelligence (+2).
   It affects your dexterity (+6).
   It protects you from poison.
   It affects your resistance to hostile enchantments.
   It lets you turn invisible.
 M - an uncursed ring of poison resistance
 V - an uncursed ring of wizardry {unknown}
 X - a cursed amulet of inaccuracy {unknown}
Wands
 p - a wand of flame (58)
 v - a wand of acid (6)
 w - a wand of disintegration (8)
 I - a wand of iceblast (27)
 J - a wand of paralysis (32)
 K - a wand of random effects (35)
 N - a wand of digging (3)
Scrolls
 e - 19 scrolls of remove curse
 j - 7 scrolls of identify
 r - 3 scrolls of fear
 D - 6 scrolls of immolation
 F - 2 scrolls of brand weapon
 Q - a scroll of magic mapping
 S - 3 scrolls of enchant weapon
 T - 2 scrolls of amnesia
 U - a scroll of blinking
Potions
 d - 3 potions of might
 g - 3 potions of agility
 h - 6 potions of curing
 i - 3 potions of ambrosia
 k - 8 potions of flight
 l - 4 potions of resistance
 q - a potion of magic
 z - 6 potions of mutation
 G - 2 potions of brilliance
 L - 2 potions of invisibility
 P - a potion of cancellation
 R - 3 potions of lignification
Comestibles
 f - 39 rations


   Skills:
 - Level 10.5 Fighting
 + Level 13.3 Long Blades
 + Level 3.9 Armour
 + Level 12.2 Dodging
 - Level 15.6 Stealth
 + Level 13.9 Shields
 + Level 15.0 Invocations
 + Level 4.8 Evocations


You had 16 spell levels left.
You didn't know any spells.
Your spell library contained the following spells:

 Spells                   Type           Power        Failure   Level  Hunger
 Beastly Appendage        Tmut           #.....       73%         1    ##.....
 Confusing Touch          Hex            #.....       73%         1    ##.....
 Corona                   Hex            #......      73%         1    ##.....
 Foxfire                  Conj/Fire      #...         73%         1    ##.....
 Magic Dart               Conj           #...         73%         1    ##.....
 Sting                    Tmut/Pois      #...         73%         1    ##.....
 Poisonous Vapours        Pois/Air       #.....       86%         2    ###....
 Searing Ray              Conj           #.....       86%         2    ###....
 Slow                     Hex            #.......     86%         2    ###....
 Sticks to Snakes         Tmut           #.......     86%         2    ###....
 Confuse                  Hex            #.......     97%         3    ####...
 Conjure Flame            Conj/Fire      #.......     97%         3    ####...
 Dazzling Flash           Conj/Hex       #.....       97%         3    ####...
 Gell's Gravitas          Tloc           #.........   97%         3    ####...
 Ignite Poison            Fire/Tmut/Pois #.......     97%         3    ####...
 Inner Flame              Hex/Fire       #.......     97%         3    ####...
 Mephitic Cloud           Conj/Pois/Air  #.......     97%         3    ####...
 Portal Projectile        Hex/Tloc       #.....       97%         3    ####...
 Spider Form              Tmut/Pois      #.........   97%         3    ####...
 Cause Fear               Hex            #.........   100%        4    #####..
 Fulminant Prism          Conj/Hex       #.........   100%        4    #####..
 Ice Form                 Ice/Tmut       #.......     100%        4    #####..
 Iskenderun's Mystic Bla  Conj/Tloc      #.......     100%        4    #####..
 Leda's Liquefaction      Hex/Erth       #.........   100%        4    #####..
 Olgreb's Toxic Radiance  Pois           #.......     100%        4    #####..
 Petrify                  Tmut/Erth      #.......     100%        4    #####..
 Sticky Flame             Conj/Fire      #.......     100%        4    #####..
 Blade Hands              Tmut           #.........   100%        5    ######.
 Fireball                 Conj/Fire      #.........   100%        5    ######.
 Metabolic Englaciation   Hex/Ice        #.........   100%        5    ######.
 Yara's Violent Unravell  Hex/Tmut       #.........   100%        5    ######.


Dungeon Overview and Level Annotations

Branches:
Dungeon (15/15)            Temple (0/1) D:7            Lair (6/6) D:9
 Shoals (4/4) Lair:3       Spider (0/4) Lair:3        Slime (0/5) Lair:5
    Orc (2/2) D:10            Elf (0/3) Orc:2        Vaults (0/5) D:13
 Depths (0/5) D:15

Altars:
Ashenzari
Dithmenos
Elyvilon
Fedhas
Gozag
Hepliaklqana
Kikubaaqudgha
Nemelex Xobeh
Okawaru
Qazlal
Ru
Sif Muna
Trog
Xom
Zin
The Shining One
Beogh

Shops:
Orc:1 *=(:?   Orc:2 *?[}%

Portals:
Pandemonium: Orc:2

Annotations:
Lair:5 1 runed translucent door, Baiput's ghost, journeyman GrFi


Innate Abilities, Weirdness & Mutations

You cannot be hasted, slowed, berserked, paralysed or teleported.
You can dig through walls and to a lower floor.
Your four strong arms can wield two-handed weapons with a shield.
You have a pair of large antennae on your head. (SInv)
Armour fits poorly on your strangely shaped body.


Message History

The merfolk impaler hits you with a +0 trident!!
* * * LOW HITPOINT WARNING * * *
You slash the merfolk impaler! You freeze the merfolk impaler.
The merfolk impaler is moderately wounded.
You block the merfolk impaler's attack. You block the faun's attack.
The merfolk impaler hits you with a +0 trident!!
* * * LOW HITPOINT WARNING * * *
Unknown command.
You closely miss the merfolk impaler.
The merfolk impaler is moderately wounded.
You block the merfolk impaler's attack. You block the faun's attack.
You are too injured to fight recklessly!
Unknown command.
You draw a card...
You have drawn Wild Magic.
The merfolk impaler is caught in an explosion of flying shrapnel!
The explosion engulfs the merfolk impaler!!
The merfolk impaler is heavily wounded.
The explosion engulfs you!!
You die...
Your body glows with a rainbow of weird colours and disappears.

.....[##..PP≈P≈(PP..≈φ≈≈≈
.≈≈..†.#...≈P.≈.≈PP..≈≈≈≈
≈≈...(#.##P..P##≈(#..≈≈≈≈
≈≈....###..≈...##.#.≈≈P≈≈
≈≈....[.....≈....÷≈#
.≈.......)≈.....≈≈.####≈
#.....≈<..(.###.#......≈
#...≈≈≈≈.....##c#......(
....≈≈≈≈≈......<@m.....≈≈
..≈≈≈≈≈≈..............(.≈
≈≈≈≈≈≈≈.......≈.........≈
≈≈≈≈≈≈........≈.........≈
≈≈≈≈≈≈≈≈....[..........≈
≈≈≈≈≈≈≈≈..[..P......≈≈≈≈
≈≈≈≈≈≈≈≈..###....PP.≈≈≈≈
≈≈≈≈≈..... #.P....≈≈≈≈≈
≈≈≈≈≈. P≈P.≈P≈


You could see a merfolk impaler and a faun.

Vanquished Creatures
  A ghost moth (Shoals:2)
  An orc warlord (Orc:2)
  An entropy weaver (shapeshifter) (D:13)
  Snorg (D:10)
  A fire dragon (D:15)
  3 merfolk impalers
  7 vault guards (D:13)
  A rakshasa (D:15)
  7 hydras
  A merfolk avatar (Lair:6)
  4 two-headed ogres
  A centaur warrior (D:15)
  Erica (Orc:1)
  A merfolk aquamancer (Shoals:4)
  A tengu warrior (D:15)
  5 death yaks
  Urug (D:11)
  A satyr (Shoals:3)
  2 orc high priests (Orc:2)
  2 sun demons
  8 sea snakes
  A torturous demonspawn (Orc:2)
  An infernal demonspawn (Orc:2)
  A wizard (D:15)
  2 death drakes (D:13)
  14 harpies
  3 orc knights (Orc:2)
  13 fauns
  A deep elf mage (D:15)
  An orb spider (D:13)
  4 orc sorcerers (Orc:2)
  2 cyclopes
  2 oklob plants (Lair:1)
  A mana viper (shapeshifter) (D:13)
  12 manticores
  A moth of wrath (Lair:5)
  6 merfolk sirens
  5 centaur zombies
  5 elephants
  5 black mambas
  10 spiny frogs
  A water nymph (Orc:2)
  A molten gargoyle (Lair:6)
  2 torpor snails
  A kobold demonologist (D:15)
  9 komodo dragons
  2 rime drakes (Lair:6)
  2 tengu conjurers (D:15)
  An efreet (D:15)
  A wind drake (Lair:6)
  3 meliai (D:15)
  14 merfolk
  5 trolls
  11 polar bears
  2 hellwings (Orc:2)
  Prince Ribbit (D:5)
  A raiju (Lair:6)
  3 hornets
  A raiju (shapeshifter) (D:15)
  7 snapping turtles
  22 blink frogs
  7 dream sheep
  22 hippogriffs
  A shapeshifter (Lair:4)
  A tarantella (shapeshifter) (Lair:4)
  2 water elementals
  A spriggan (Lair:2)
  A shadow (D:15)
  2 wraiths
  3 wyverns
  A ynoxinul (Orc:2)
  49 yaks
  2 humans
  A vampire (D:14)
  3 fire elementals (D:15)
  2 chaos spawn (Orc:2)
  2 steam dragons (D:10)
  2 basilisks
  6 vampire mosquitoes
  A neqoxec (Orc:2)
  Menkaure (D:7)
  2 wargs
  3 nagas
  25 water moccasins
  2 acid dragons
  A floating eye (Shoals:2)
  8 porcupines
  2 eyes of draining
  40 orc warriors
  2 sky beasts
  6 ice beasts
  3 phantoms
  10 black bears
  2 necrophages
  5 boggarts (D:15)
  A tengu (Lair:5)
  11 wolves
  10 ogres
  18 centaurs
  10 crocodiles
  4 big kobolds
  14 bullfrogs
  A wyvern zombie (D:7)
  A gnoll sergeant (Orc:2)
  5 scorpions
  15 killer bees
  8 wights
  3 howler monkeys
  6 crimson imps
  2 bullfrog zombies
  2 quasits
  15 hounds
  21 orc priests
  A bullfrog skeleton (D:9)
  4 jellies
  7 centaur skeletons
  7 iguanas
  22 orc wizards
  9 worker ants
  A hound skeleton (D:7)
  2 worker ant zombies (D:9)
  10 gnolls
  2 howler monkey skeletons
  15 adders
  2 river rats
  5 shadow imps
  2 oozes
  2 adder skeletons
  4 worms
  2 dart slugs
  6 leopard geckos
  90 orcs
  2 giant cockroaches
  6 goblins
  6 hobgoblins
  10 jackals
  14 kobolds
  9 quokkas
  A ball python (D:1)
  6 bats
  6 frilled lizards
  A leopard gecko zombie (D:7)
  2 quokka zombies
  4 rats
  3 fungi
  3 plants
865 creatures vanquished.

Vanquished Creatures (collateral kills)
  An orc warlord (Orc:2)
  An orc high priest (Orc:2)
  A death yak (Lair:6)
  2 orc sorcerers (Orc:2)
  A hell hound (D:15)
  An orc warrior (Orc:2)
  4 orcs (Orc:2)
11 creatures vanquished.

Vanquished Creatures (others)
  A fire dragon (D:15)
  A satyr (Shoals:4)
  A two-headed ogre (D:10)
  A faun (Shoals:3)
  A polar bear (D:8)
  A dream sheep (D:8)
  A hippogriff (Lair:4)
  A fire elemental (D:15)
  A black bear (D:8)
  A wolf (D:8)
  2 orc priests
  An orc wizard (D:11)
  6 ball lightnings
  A leopard gecko (D:11)
  5 orcs
  A giant cockroach (D:13)
  20 fungi
  38 plants
84 creatures vanquished.

Grand Total: 960 creatures vanquished

Notes
Turn   | Place    | Note
-------+----------+-------------------------------------------
     0 | D:1      | floatRand the Formicid Fighter began the quest for the Orb.
     0 | D:1      | Reached XP level 1. HP: 18/18 MP: 1/1
   138 | D:1      | Reached XP level 2. HP: 23/24 MP: 2/2
   200 | D:1      | Reached skill level 1 in Stealth
   571 | D:1      | Reached XP level 3. HP: 29/29 MP: 3/3
   694 | D:1      | Reached skill level 1 in Dodging
   919 | D:2      | Found a stormy altar of Qazlal.
   927 | D:2      | Found a glowing golden altar of the Shining One.
  1219 | D:2      | Reached XP level 4. HP: 28/35 MP: 4/4
  1418 | D:2      | Found a faded altar of an unknown god.
  2133 | D:3      | Reached XP level 5. HP: 41/41 MP: 5/5
  2592 | D:4      | Found a white marble altar of Elyvilon.
  2623 | D:4      | Reached XP level 6. HP: 37/47 MP: 6/6
  2758 | D:4      | Reached skill level 5 in Shields
  3129 | D:4      | Found a sparkling altar of Nemelex Xobeh.
  3403 | D:4      | Became a worshipper of Nemelex Xobeh the Trickster
  4005 | D:4      | Reached skill level 1 in Invocations
  4005 | D:4      | Reached XP level 7. HP: 39/52 MP: 7/7
  4167 | D:4      | Received a gift from Nemelex Xobeh
  4218 | D:4      | Found a hazy altar of Hepliaklqana.
  4527 | D:5      | Entered Level 5 of the Dungeon
  4870 | D:5      | Found an opulent altar of Gozag.
  4873 | D:5      | Found a shimmering blue altar of Sif Muna.
  4904 | D:5      | Found a sacrificial altar of Ru.
  4956 | D:5      | Received a gift from Nemelex Xobeh
  5128 | D:5      | Noticed Prince Ribbit
  5140 | D:5      | Killed Prince Ribbit
  5140 | D:5      | Reached skill level 5 in Stealth
  5140 | D:5      | Reached XP level 8. HP: 23/58 MP: 8/10
  5967 | D:6      | Reached skill level 5 in Long Blades
  6184 | D:6      | Reached * piety under Nemelex Xobeh
  6265 | D:6      | Reached XP level 9. HP: 34/64 MP: 12/12
  7117 | D:7      | Found an iron altar of Okawaru.
  7214 | D:7      | Reached skill level 5 in Invocations
  7215 | D:7      | Found a staircase to the Ecumenical Temple.
  7362 | D:7      | Noticed Menkaure
  7373 | D:7      | Killed Menkaure
  7547 | D:7      | Noticed a hippogriff
  7564 | D:7      | Killed a hippogriff
  7564 | D:7      | Reached skill level 5 in Dodging
  7720 | D:7      | Reached ** piety under Nemelex Xobeh
  7752 | D:7      | Received a gift from Nemelex Xobeh
  8010 | D:7      | Found a shadowy altar of Dithmenos.
  8286 | D:8      | Reached XP level 10. HP: 70/70 MP: 14/14
  8563 | D:8      | Found an ancient bone altar of Kikubaaqudgha.
  8725 | D:8      | Found a huge runed translucent gate.
  8725 | D:8      | Found a huge runed translucent gate.
  8726 | D:8      | Found a huge runed translucent gate.
  8727 | D:8      | Found a huge runed translucent gate.
  8747 | D:8      | Reached XP level 11. HP: 68/75 MP: 14/16
  9013 | D:8      | Found a glowing silver altar of Zin.
  9204 | D:9      | Received a gift from Nemelex Xobeh
  9347 | D:9      | Reached *** piety under Nemelex Xobeh
  9438 | D:9      | Reached skill level 10 in Stealth
  9721 | D:9      | Reached skill level 10 in Shields
  9756 | D:9      | Found a staircase to the Lair.
 10058 | D:10     | Entered Level 10 of the Dungeon
 10182 | D:10     | Found an opulent altar of Gozag.
 10185 | D:10     | Noticed a two-headed ogre
 10192 | D:10     | Killed a two-headed ogre
 10342 | D:10     | Received a gift from Nemelex Xobeh
 10394 | D:10     | Noticed a two-headed ogre
 10407 | D:10     | Killed a two-headed ogre
 10507 | D:10     | Noticed Snorg
 10510 | D:10     | Killed Snorg
 10510 | D:10     | Reached XP level 12. HP: 81/81 MP: 18/18
 10687 | D:10     | Found a staircase to the Orcish Mines.
 11804 | D:11     | Received a gift from Nemelex Xobeh
 11810 | D:11     | Reached **** piety under Nemelex Xobeh
 11817 | D:11     | Identified a scroll of acquirement
 11827 | D:11     | Noticed a two-headed ogre
 11844 | D:11     | Killed a two-headed ogre
 12026 | D:11     | Noticed Urug
 12036 | D:11     | Killed Urug
 12076 | D:11     | Received a gift from Nemelex Xobeh
 12206 | D:11     | Reached skill level 10 in Invocations
 12387 | D:12     | Received a gift from Nemelex Xobeh
 12874 | D:12     | Received a gift from Nemelex Xobeh
 13255 | Lair:1   | Entered Level 1 of the Lair of Beasts
 13331 | Lair:1   | Noticed an eight-headed hydra
 13342 | Lair:1   | Killed a seven-headed hydra
 13760 | Lair:1   | Reached XP level 13. HP: 71/86 MP: 20/20
 14458 | Lair:1   | Got a steaming ring mail
 14489 | Lair:1   | Identified the +1 ring mail "Xaefoevy" {+Fly rN++ Regen+
                  | Str-3} (You found it on level 1 of the Lair of Beasts)
 14518 | Lair:1   | Received a gift from Nemelex Xobeh
 14936 | Lair:2   | Reached skill level 10 in Long Blades
 15052 | Lair:2   | Noticed a four-headed hydra
 15062 | Lair:2   | Killed a one-headed hydra
 15445 | Lair:2   | Reached ***** piety under Nemelex Xobeh
 15812 | Lair:3   | Noticed a four-headed hydra
 15820 | Lair:3   | Killed a one-headed hydra
 16116 | Lair:3   | Found a shimmering altar of Xom.
 16325 | Lair:3   | Received a gift from Nemelex Xobeh
 16615 | Lair:3   | Found a hole to the Spider Nest.
 16634 | Lair:3   | Found a staircase to the Shoals.
 16789 | Lair:3   | Noticed a four-headed hydra
 16800 | Lair:3   | Killed a one-headed hydra
 17024 | Lair:4   | Noticed a seven-headed hydra
 17844 | Lair:4   | a seven-headed hydra changed into a glowing shapeshifter
 18947 | Lair:4   | Reached XP level 14. HP: 67/96 MP: 22/22
 19155 | Lair:4   | Found a shattered altar of Ashenzari.
 19224 | Lair:4   | Received a gift from Nemelex Xobeh
 19602 | Lair:4   | Reached skill level 5 in Fighting
 20281 | Lair:5   | Found a runed translucent door.
 20284 | Lair:5   | Noticed Baiput's ghost (journeyman GrFi)
 20861 | Lair:5   | Received a gift from Nemelex Xobeh
 20933 | Lair:5   | Found a staircase to the Slime Pits.
 21182 | Lair:5   | Reached skill level 10 in Dodging
 21847 | Lair:6   | Entered Level 6 of the Lair of Beasts
 21871 | Lair:5   | HP: 5/100 [death yak (23)]
 23389 | Lair:6   | Received a gift from Nemelex Xobeh
 23761 | Lair:6   | HP: 5/103 [poisoned by a water moccasin]
 23767 | Lair:6   | HP: 3/103 [poisoned by a water moccasin]
 23772 | Lair:6   | HP: 2/103 [poisoned by a water moccasin]
 23779 | Lair:6   | HP: 2/103 [poisoned by a water moccasin]
 23787 | Lair:6   | HP: 2/103 [poisoned by a water moccasin]
 24459 | Lair:6   | Reached XP level 15. HP: 53/108 MP: 24/24
 25663 | Lair:6   | Received a gift from Nemelex Xobeh
 26132 | D:13     | Found a gate to the Vaults.
 27441 | D:13     | Reached skill level 15 in Stealth
 27495 | D:13     | Found a blossoming altar of Fedhas.
 28313 | D:14     | Reached ****** piety under Nemelex Xobeh
 28313 | D:14     | Received a gift from Nemelex Xobeh
 28855 | D:15     | Entered Level 15 of the Dungeon
 28890 | D:15     | Found a bloodstained altar of Trog.
 29146 | D:15     | Noticed Azrael
 29153 | D:15     | Noticed Azrael
 29153 | D:15     | Azrael changed into Azrael the rakshasa
 29170 | D:15     | HP: 3/112 [fire elemental[Azrael] (5)]
 29176 | D:15     | Identified the -1 trident of Strategic Superiority {elec,
                  | rElec rF+}
 29181 | D:15     | Killed Azrael the rakshasa
 29743 | D:15     | Received a gift from Nemelex Xobeh
 30189 | D:15     | Found a staircase to the Depths.
 30516 | D:15     | Reached XP level 16. HP: 119/119 MP: 26/26
 31656 | D:15     | Received a gift from Nemelex Xobeh
 31962 | Orc:1    | Entered Level 1 of the Orcish Mines
 32007 | Orc:1    | Noticed Erica
 32014 | Orc:1    | Killed Erica
 32083 | Orc:1    | HP: 6/120 [poisoned by an orc warrior]
 32090 | Orc:1    | HP: 6/120 [poisoned by an orc warrior]
 32507 | Orc:1    | Found Biyguurph's Assorted Antiques.
 32584 | Orc:1    | Found Qegikhip's Jewellery Shoppe.
 32657 | Orc:2    | Entered Level 2 of the Orcish Mines
 33333 | Orc:2    | Received a gift from Nemelex Xobeh
 33388 | Orc:2    | Found Saesirpho's Food Shop.
 33484 | Orc:2    | Found a staircase to the Elven Halls.
 33681 | Orc:2    | Found Woqit's General Store.
 33683 | Orc:2    | Found Byddia's Magic Scroll Boutique.
 34270 | Orc:2    | HP: 5/120 [smoke demon/divine providence[an orc high
                  | priest] (11)]
 34273 | Orc:2    | Gained mutation: Armour fits poorly on your strangely
                  | shaped body. [a neqoxec]
 35138 | Orc:1    | Found a roughly hewn altar of Beogh.
 35162 | Orc:1    | Found Moqih's Book Emporium.
 35181 | Orc:1    | Found Goycaaq's Antique Weapon Shop.
 35210 | Orc:1    | Found Kipots's Magic Scroll Boutique.
 35297 | Orc:1    | Bought the brooch of Shielding {Reflect SH+8} for 1594 gold
                  | pieces
 35297 | Orc:1    | Found the brooch of Shielding {Reflect SH+8}
 35297 | Orc:1    | Bought the ring "Ighitzi" {+Inv rPois MR+ Int+2 Dex+6} for
                  | 900 gold pieces
 35539 | Orc:2    | Received a gift from Nemelex Xobeh
 36079 | Orc:2    | Reached skill level 1 in Evocations
 36663 | Orc:2    | Found Pallafa's Antique Armour Shoppe.
 36663 | Orc:2    | Found a one-way gate leading to the halls of Pandemonium.
 36663 | Orc:2    | Found Tovvohusk's Gadget Emporium.
 36830 | Shoals:1 | Entered Level 1 of the Shoals
 37252 | Shoals:1 | Reached skill level 10 in Fighting
 37564 | Shoals:1 | Received a gift from Nemelex Xobeh
 38189 | Shoals:1 | Reached XP level 17. HP: 119/128 MP: 27/27
 38839 | Shoals:2 | Received a gift from Nemelex Xobeh
 39214 | Shoals:2 | HP: 1/128 [snapping turtle (21)]
 40384 | Shoals:2 | Received a gift from Nemelex Xobeh
 40658 | Shoals:3 | Received a gift from Nemelex Xobeh
 41179 | Shoals:3 | Received a gift from Nemelex Xobeh
 41300 | Shoals:4 | Entered Level 4 of the Shoals
 41579 | Shoals:4 | Reached skill level 15 in Invocations
 42107 | Shoals:4 | HP: 3/129 [merfolk impaler/+0 trident (24)]
 42109 | Shoals:4 | Killed by a card of wild magic

Levels and vault maps discovered:
D:1:      dpeg_arrival_windows_large_door, layout_basic
D:2:      layout_rooms, grunt_temple_overflow_open,
          chequers_ecumenical_altar_grove, minmay_unequal
D:3:      layout_rooms, first_ration
D:4:      layout_basic, nicolae_overflow_crystal_walls, lemuel_round_altar,
          lemuel_crystal_altar, minivault_19
D:5:      layout_rooms, nicolae_ru_path_of_blood, minitemple,
          uniq_prince_ribbit1
D:6:      layout_basic
D:7:      layout_rooms, kennysheep_mini, okawaru_gym_becter,
          minmay_temple_entry_slanted, mrwooster_statue_mirror, grunt_ogre_cave,
          minmay_quadrilaterals, uniq_menkaure
D:8:      lemuel_bear_cage, layout_gridville, nicolae_overflow_hidden_temple,
          kiku_gazebo_pond_becter
D:9:      layout_big_octagon, grunt_lair_entry_orc_guard_hut
D:10:     kennysheep_steamy, layout_loops_ring, david_orc_3, basic_altar,
          uniq_snorg
D:11:     layout_cave_pools, uniq_urug
D:12:     layout_rooms
D:13:     layout_rooms, erik_vaults_2, fedhas_altar_3
D:14:     layout_roguey, nrook_mini_backslash
D:15:     grunt_enter_depths_hoard, layout_gridville, hex_tiny,
          trog_ov_bears_minmay, uniq_azrael
Lair:1:   layout_loops_ring, grunt_megastairs_1, minmay_lair_oklob_chamber
Lair:2:   layout_cave_pods, grunt_forest_large_clearing_hut
Lair:3:   layout_gridlike, minmay_shoals_entry_beasts,
          spider_nest_entry_web_field, basic_altar, grunt_forest_small_clearings
Lair:4:   layout_regular_city, basic_altar
Lair:5:   layout_hall_layers, dpeg_slime_entry_corner,
          ebering_ghost_inner_flame, chequers_serial_rivers_room_a
Lair:6:   gammafunk_lair_ancient_temple, layout_gridlike,
          nicolae_lair_grove_arrangements
Shoals:1: layout_shoals
Shoals:2: layout_shoals, portal_ice_cave_entry_pillars_2
Shoals:3: layout_shoals
Shoals:4: shoals_end_grunt_garden, layout_shoals, uniq_polyphemus,
          uniq_bai_suzhen
Orc:1:    layout_caves, serial_shops, nicolae_shop_behind_doors,
          nicolae_shop_temple_entry_statues_fountains, shop_fountains, shop,
          nicolae_shop_crystal, basic_altar, uniq_erica
Orc:2:    pf_orc_diabolical, layout_caves, serial_shops, shop, abandoned_shop

Skill      XL: |  1  2  3  4  5  6  7  8  9 10 11 12 13 14 15 16 17 |
---------------+----------------------------------------------------+-----
Stealth        | 1 2 3 4 5 6 7 9 10 11 13 14 15 | 15.6
Dodging        | 1 2 3 4 5 6 7 8 9 10 11 12 | 12.2
Shields        | 4 5 6 8 9 10 11 12 13 | 13.9
Long Blades    | 3 4 5 6 7 8 9 10 11 12 13 | 13.3
Invocations    | 1 2 4 5 7 9 10 11 12 13 14 15 | 15.0
Fighting       | 4 7 8 10 | 10.5
Evocations     | 3 4 |  4.8
Armour         | |  3.9

Action                   |  1- 3 |  4- 6 |  7- 9 | 10-12 | 13-15 | 16-18 || total
-------------------------+-------+-------+-------+-------+-------+-------++-------
Melee: Long sword        |    70 |   251 |   189 |       |       |       ||   510
       Falchion          |       |       |   203 |   246 |    49 |       ||   498
       Great sword       |       |       |       |   324 |  1026 |   918 ||  2268
Invok: Triple Draw       |       |       |       |       |     2 |       ||     2
       Deal Four         |       |       |       |       |       |     1 ||     1
 Abil: Draw Destruction  |       |       |     5 |    19 |    48 |    22 ||    94
       Dig               |       |       |       |       |     3 |    13 ||    16
       Draw Summoning    |       |       |       |       |     3 |     5 ||     8
  Use: Scroll            |       |       |    13 |    14 |     9 |     2 ||    38
       Potion            |       |       |       |       |     5 |     4 ||     9
 Stab: Sleeping          |       |       |     4 |     5 |    13 |     5 ||    27
       Distracted        |       |       |       |     2 |     3 |     5 ||    10
  Eat: Chunk             |     1 |     9 |    27 |    18 |    53 |    22 ||   130
       Ration            |       |       |       |       |       |     4 ||     4
Armor: Scale mail        |    27 |    81 |    89 |   186 |   244 |   115 ||   742
Dodge: Dodged            |    26 |    87 |   144 |   311 |   580 |   397 ||  1545
Block: Shield            |    26 |   146 |   219 |   406 |   594 |       ||  1391
       Large shield      |       |       |       |       |   236 |  1258 ||  1494
       Reflection        |       |       |       |       |       |    36 ||    36
       Rpst.: Long sword |     7 |    24 |    19 |       |       |       ||    50
       Falchion          |       |       |    26 |    26 |     5 |       ||    57
       Great sword       |       |       |       |    53 |   152 |    78 ||   283

Table legend:
 A = Non-vault XP
 B = Vault XP
 C = Vault XP percentage of total XP
 D = Non-vault monster count
 E = Vault monster count
 F = Vault count percentage of total count
                 A         B        C        D         E       F
            +---------+---------+-------+---------+---------+-------
      Total |  131108 |   52362 |  28.5 |     730 |     158 |  17.8
            +---------+---------+-------+---------+---------+-------
        D:1 |      42 |       0 |   0.0 |      16 |       0 |   0.0
        D:2 |      37 |      16 |  30.2 |      11 |       3 |  21.4
        D:3 |      97 |       0 |   0.0 |      19 |       0 |   0.0
        D:4 |     413 |       0 |   0.0 |      17 |       0 |   0.0
        D:5 |     505 |     277 |  35.4 |      23 |       1 |   4.2
        D:6 |    1042 |       0 |   0.0 |      30 |       0 |   0.0
        D:7 |    1098 |     287 |  20.7 |      23 |       2 |   8.0
        D:8 |    1400 |    3882 |  73.5 |      28 |      19 |  40.4
        D:9 |    1687 |     735 |  30.3 |      30 |       6 |  16.7
       D:10 |    4288 |    1855 |  30.2 |      48 |       8 |  14.3
       D:11 |    4023 |     851 |  17.5 |      23 |       1 |   4.2
       D:12 |    1831 |       0 |   0.0 |      20 |       0 |   0.0
       D:13 |   10227 |    7568 |  42.5 |      45 |       8 |  15.1
       D:14 |    2971 |       0 |   0.0 |      12 |       0 |   0.0
       D:15 |   12083 |    5009 |  29.3 |      52 |      11 |  17.5
     Lair:1 |    5204 |    1385 |  21.0 |      22 |       3 |  12.0
     Lair:2 |    2116 |    1650 |  43.8 |      12 |       3 |  20.0
     Lair:3 |    5402 |     728 |  11.9 |      16 |       2 |  11.1
     Lair:4 |    6772 |       0 |   0.0 |      31 |       0 |   0.0
     Lair:5 |   11862 |    1102 |   8.5 |      43 |       3 |   6.5
     Lair:6 |   10305 |    7741 |  42.9 |      33 |      21 |  38.9
   Shoals:1 |   17111 |       0 |   0.0 |      33 |       0 |   0.0
   Shoals:2 |    9873 |       0 |   0.0 |      23 |       0 |   0.0
   Shoals:3 |    8300 |       0 |   0.0 |      17 |       0 |   0.0
   Shoals:4 |    2947 |    4769 |  61.8 |       7 |       7 |  50.0
      Orc:1 |    2735 |     902 |  24.8 |      30 |       1 |   3.2
      Orc:2 |    6737 |   13605 |  66.9 |      66 |      59 |  47.2
            +---------+---------+-------+---------+---------+-------
